 Dungeon Crawl Stone Soup version 0.26-a0-949-ga0cc1ef5f6 (webtiles) character file.

Game seed: 382442521348259505

2090 jestyr24 the Thaumaturge (level 9, -1/45 HPs)
             Began as a Deep Elf Conjurer on Nov 23, 2020.
             Was an Initiate of Qazlal.
             Hit by a large rock thrown by a cyclops (46 damage)
             ... on level 8 of the Dungeon on Nov 29, 2020.
             The game lasted 00:52:17 (6329 turns).

jestyr24 the Thaumaturge (Deep Elf Conjurer)        Turns: 6329, Time: 00:52:19

Health: -1/45      AC:  2    Str:  4    XL:     9   Next: 6%
Magic:  11/24      EV: 14    Int: 27    God:    Qazlal [......]
Gold:   227        SH:  0    Dex: 13    Spells: 14/27 levels left

rFire    . . .     SeeInvis .   d - +0 dagger (protect)
rCold    . . .     Faith    .   (no shield)
rNeg     . . .     Spirit   .   a - +0 robe
rPois    .         Reflect  .   (no helmet)
rElec    .         Harm     .   (no cloak)
rCorr    +         Rampage  .   (no gloves)
MR       .....                  (no boots)
Stlth    +++.......             (no amulet)
HPRegen  0.15/turn              k - ring of resist corrosion
MPRegen  0.19/turn              A - +4 ring of slaying

@: no status effects
A: no striking features
a: Renounce Religion


You were on level 8 of the Dungeon.
You worshipped Qazlal.
Qazlal was noncommittal.
You visited 2 branches of the dungeon, and saw 8 of its levels.

You collected 227 gold pieces.

Inventory:

Hand Weapons
 d - a +0 dagger of protection (weapon)
 t - a +2 trident of distortion
 x - a +2 flail of pain
 y - a +0 rapier
 E - a +0 rapier
Missiles
 i - 6 javelins (quivered)
 j - 222 stones
 u - 11 poisoned darts
Armour
 a - a +0 robe (worn)
 s - a +0 buckler
 v - a +0 tower shield
Jewellery
 k - a ring of resist corrosion (left hand)
 A - a +4 ring of slaying (right hand)
Scrolls
 b - a scroll of blinking
 c - a scroll of fog {unknown}
 e - 3 scrolls of immolation
 g - a scroll of enchant armour {unknown}
 h - a scroll of fear {unknown}
 m - 4 scrolls of identify {unknown}
 p - a scroll of enchant weapon {unknown}
 z - 2 scrolls of remove curse
 B - 2 scrolls of teleportation {unknown}
 C - a scroll of amnesia {unknown}
 D - a scroll of random uselessness {unknown}
Potions
 f - 2 potions of brilliance {unknown}
 l - 2 potions of flight {unknown}
 n - a potion of curing {unknown}
 o - a potion of mutation {unknown}
 q - a potion of attraction {unknown}
 r - 3 potions of heal wounds {unknown}
 w - 2 potions of experience {unknown}


   Skills:
 + Level 4.9 Dodging
 - Level 4.8 Stealth
 + Level 9.5 Spellcasting
 + Level 8.4 Conjurations
 * Level 6.5 Hexes


You had 14 spell levels left.
You knew the following spells:

 Your Spells              Type           Power        Failure   Level
a - Magic Dart            Conj           ####         1%          1
b - Searing Ray           Conj           ######       1%          2
c - Fulminant Prism       Conj/Hex       ######....   1%          4
d - Invisibility          Hex            #####...     43%         6

Your spell library contained the following spells:

 Spells                   Type           Power        Failure   Level
 Confusing Touch          Hex            #####...     1%          3
 Dazzling Flash           Conj/Hex       ######       1%          3
 Tukima's Dance           Hex            #####...     1%          3
 Animate Skeleton         Necr           ##....       4%          1
 Apportation              Tloc           ##....       4%          1
 Pain                     Necr           ##..         4%          1
 Iskenderun's Mystic Bla  Conj/Tloc      #####...     8%          4
 Gell's Gravitas          Tloc           ##........   14%         3
 Lesser Beckoning         Tloc           ##........   14%         3
 Vampiric Draining        Necr           ##........   14%         3
 Metabolic Englaciation   Hex/Ice        ####......   32%         5
 Yara's Violent Unravell  Hex/Tmut       ####......   32%         5
 Animate Dead             Necr           ##........   41%         4
 Petrify                  Tmut/Erth      ##......     41%         4
 Agony                    Necr           ##......     77%         5
 Alistair's Intoxication  Tmut/Pois      ##.......    77%         5


Dungeon Overview and Level Annotations

Branches:
Dungeon (8/15)             Temple (1/1) D:7
   Lair: D:8-11

Altars:
Ashenzari
Cheibriados
Dithmenos
Elyvilon
Fedhas
Kikubaaqudgha
Nemelex Xobeh
Qazlal
Sif Muna
Trog
Uskayaw
Xom
Yredelemnul
Zin
The Shining One


Message History

Casting: Fulminant Prism (dangerous; 1% risk of failure)
Confirm with . or Enter, or press ? or * to list all spells.
Aiming: Magic Dart (safe; 1% risk of failure)
Press: ? - help, Shift-Dir - straight line, f - cyclops
Aim: a cyclops, quivering 3 large rocks (severely wounded, 0% to evade)
The magic dart hits the cyclops.
The cyclops is almost dead.
Your fulminant prism explodes!
The blast of energy engulfs the cyclops.
The cyclops is almost dead.
Casting: Magic Dart (safe; 1% risk of failure)
Confirm with . or Enter, or press ? or * to list all spells.
Aiming: Magic Dart (safe; 1% risk of failure)
Press: ? - help, Shift-Dir - straight line, f/p - cyclops
Aim: a cyclops, quivering 3 large rocks (almost dead, 0% to evade)
The magic dart hits the cyclops but does no damage.
The cyclops is almost dead.
The cyclops throws a large rock.
The large rock hits you!!!
Ouch! That really hurt!
You die...

### ..# #+## #.#
#...# #.# #.....
#.# #).....
#########.##...C...
........@.(')))....
####...####.......
##..# #...... ##.#
#..... #.# #...#
#.# #+## #.# #.#
#†########.#
#.......##.##


You could see a cyclops.

Vanquished Creatures
  Menkaure (D:6)
  An ice beast (D:8)
  A black bear (D:7)
  2 eyes of draining (D:3)
  3 orc warriors
  2 phantoms
  An ogre (D:6)
  2 centaurs (D:6)
  A big kobold (D:7)
  A bullfrog (D:8)
  2 scorpions (D:6)
  A water moccasin zombie (D:7)
  A quasit (D:7)
  A centaur skeleton (D:7)
  4 orc priests
  2 jellies
  2 bullfrog skeletons
  3 orc wizards
  3 worker ants
  A killer bee zombie (D:7)
  3 adders
  A shadow imp (D:7)
  A white imp (D:7)
  2 ufetubi
  An ooze (D:3)
  An adder skeleton (D:7)
  2 worms
  2 dart slugs
  4 leopard geckos
  10 orcs
  2 ball pythons (D:2)
  3 bats
  4 giant cockroaches
  15 goblins
  5 hobgoblins
  7 jackals
  2 quokkas
  5 frilled lizards
  7 kobolds
  A quokka skeleton (D:6)
  6 rats
119 creatures vanquished.

Vanquished Creatures (others)
  A hound skeleton (D:7)
  12 fulminant prisms
13 creatures vanquished.

Grand Total: 132 creatures vanquished

Notes
Turn   | Place    | Note
-------+----------+-------------------------------------------
     0 | D:1      | jestyr24 the Deep Elf Conjurer began the quest for the Orb.
     0 | D:1      | Reached XP level 1. HP: 10/10 MP: 6/6
   236 | D:1      | Reached XP level 2. HP: 15/15 MP: 5/8
   239 | D:1      | Learned a level 2 spell: Searing Ray
   368 | D:1      | Reached skill level 5 in Conjurations
   870 | D:2      | Found a shadowy altar of Dithmenos.
   966 | D:2      | Reached XP level 3. HP: 19/19 MP: 7/9
  1014 | D:2      | Found a broken altar of Ashenzari.
  1315 | D:2      | Found a glowing golden altar of the Shining One.
  1635 | D:3      | Reached XP level 4. HP: 24/24 MP: 5/11
  1644 | D:3      | Learned a level 4 spell: Fulminant Prism
  1765 | D:3      | Found a hide-covered altar of Uskayaw.
  1855 | D:3      | Noticed an eye of draining
  1891 | D:3      | Noticed an eye of draining
  1893 | D:3      | Found a bloodstained altar of Trog.
  1943 | D:3      | Killed an eye of draining
  1944 | D:3      | Reached skill level 4 in Spellcasting
  1944 | D:3      | Reached skill level 1 in Hexes
  1944 | D:3      | Reached XP level 5. HP: 25/28 MP: 0/13
  2022 | D:3      | Killed an eye of draining
  2143 | D:3      | Reached XP level 6. HP: 32/32 MP: 11/15
  2152 | D:3      | Found a shimmering altar of Xom.
  2231 | D:3      | Reached skill level 5 in Spellcasting
  2262 | D:3      | Found a basalt altar of Yredelemnul.
  2576 | D:4      | You fall into a shaft and drop 3 floors!
  3024 | D:6      | Noticed Menkaure
  3029 | D:6      | Killed Menkaure
  3030 | D:6      | Reached skill level 6 in Spellcasting
  3030 | D:6      | Reached XP level 7. HP: 36/36 MP: 11/18
  3999 | D:6      | Reached skill level 7 in Spellcasting
  4373 | D:7      | Reached XP level 8. HP: 41/41 MP: 13/20
  4501 | D:7      | Reached skill level 5 in Hexes
  4656 | D:7      | Learned a level 6 spell: Invisibility
  4873 | D:7      | Reached skill level 8 in Spellcasting
  5168 | D:7      | Found a staircase to the Ecumenical Temple.
  5178 | Temple   | Entered the Ecumenical Temple
  5301 | Temple   | Became a worshipper of Qazlal Stormbringer
  5793 | D:8      | Upgraded the game from 0.26-a0-854-gdc81c2f471 to
                  | 0.26-a0-949-ga0cc1ef5f6
  5831 | D:8      | Reached skill level 9 in Spellcasting
  6286 | D:8      | Reached XP level 9. HP: 45/45 MP: 15/24
  6322 | D:8      | Noticed a cyclops
  6329 | D:8      | Hit by a large rock thrown by a cyclops

Illustrated notes

Levels and vault maps discovered:
D:1:      wander_arrival_peaceful_grave, layout_loops_ring
D:2:      layout_rooms, grunt_dithmenos_smoke_and_mirrors, ashenzari_altar_1,
          nicolae_tso_swordbearing_angel
D:3:      layout_basic, trog_eyes_of_draining, lemuel_crystal_altar,
          nicolae_overflow_crystal_walls, general_overflow_altar,
          serial_corexii_hall, corexii_hall_statues_l, corexii_hall_statues_i
D:4:      layout_basic, kennysheep_okawaru_gauntlet, serial_shops, shop,
          uniq_duvessa, uniq_ijyb
D:6:      layout_gridville, uniq_menkaure
D:7:      layout_layer_cave, temple_statues, lemuel_old_faithful
D:8:      cheibrodos_iron_armory, layout_loops_corners,
          lemuel_coloured_pillars_altar, grunt_temple_overflow_cloverleaf,
          serial_shops, nicolae_shop_crystal
Temple:   kb_temple_of_zot

Skill      XL: |  1  2  3  4  5  6  7  8 |
---------------+-------------------------+-----
Conjurations   | 5 6 7 8 |  8.4
Stealth        | 3 4 |  4.8
Spellcasting   | 4 6 7 9 |  9.5
Hexes          | 1 2 3 4 6 |  6.5
Dodging        | 3 4 |  4.9

Action                   |  1- 3 |  4- 6 |  7- 9 || total
-------------------------+-------+-------+-------++-------
Melee: Dagger            |     8 |   120 |     3 ||   131
 Cast: Magic Dart        |    56 |    38 |    57 ||   151
       Searing Ray       |     8 |     7 |    26 ||    41
       Fulminant Prism   |       |       |    12 ||    12
  Use: Scroll            |       |     3 |       ||     3
 Stab: Sleeping          |       |     1 |       ||     1
Armor: Robe              |     6 |    20 |     1 ||    27
Dodge: Dodged            |    10 |    53 |     7 ||    70

Table legend: (Time is in decaauts)
 A = Elapsed time spent in this place.
 B = Non-inter-level travel time spent in this place.
 C = Inter-level travel time spent in this place.
 D = Time resting spent in this place.
 E = Time spent auto-exploring this place.
 F = Levels seen in this place.
 G = Mean time per level.
                   A        B        C        D        E       F      G
               +--------+--------+--------+--------+--------+-----+--------+
         Total |   6326 |   6195 |    131 |   1565 |   3183 |   8 |  790.8 |
       Dungeon |   6174 |   6088 |     86 |   1565 |   3094 |   7 |  882.0 |
        Temple |    151 |    106 |     45 |      0 |     89 |   1 |  151.0 |
               +--------+--------+--------+--------+--------+-----+--------+

Top non-repeatable levels by time:
     D:7: 1690 daAuts
     D:6: 1336 daAuts
     D:3: 928 daAuts
     D:1: 869 daAuts
     D:2: 744 daAuts
     D:8: 574 daAuts
  Temple: 151 daAuts
     D:4: 30 daAuts
